 Dungeon Crawl Stone Soup version 0.22.1-2-g9c5b331 (webtiles) character file.

77 Leeroy the Charmwright (level 4, -1/38 HPs)
             Began as a Gnoll Skald on Nov 28, 2018.
             Slain by a gnoll
             ... wielding a +0 halberd
              (9 damage)
             ... on level 3 of the Dungeon on Nov 29, 2018.
             The game lasted 00:27:13 (1723 turns).

Leeroy the Charmwright (Gnoll Skald)                Turns: 1723, Time: 00:27:16

Health: -1/38      AC:  6    Str: 13    XL:     4   Next: 33%
Magic:  11/11      EV: 13    Int: 16    God:
Gold:   108        SH:  0    Dex: 15    Spells: 9/13 levels left

rFire    . . .     SeeInvis .   a - +0 falchion
rCold    . . .     Gourm    .   (no shield)
rNeg     . . .     Faith    .   r - +0 ring mail
rPois    .         Spirit   .   (no helmet)
rElec    .         Reflect  .   m - +0 cloak
rCorr    .         Harm     .   (no gloves)
MR       .....                  (no boots)
Stlth    +.........             (no amulet)
HPRegen  0.12/turn              (no ring)
MPRegen  0.12/turn              (no ring)

@: no status effects
A: distributed training, fangs 1, strong nose
a: no special abilities


You were on level 3 of the Dungeon.
You were hungry.

You visited 1 branch of the dungeon, and saw 3 of its levels.

You collected 108 gold pieces.

Inventory:

Hand Weapons
 a - a +0 falchion (weapon)
 e - a +0 dagger
 f - a +0 spear
 h - a +0 dagger
 i - a +0 whip
 l - a cursed -3 mace
 t - a +0 hunting sling
 u - a +0 dagger
 v - a +0 club
 w - a +0 club
 y - a +0 whip
 z - a +0 club
 B - a +0 short sword
 C - a +0 whip
Missiles
 c - 61 stones (quivered)
 n - 32 arrows
 p - 19 sling bullets
 s - 9 bolts
Armour
 b - a +0 leather armour
 m - a +0 cloak (worn)
 r - a +0 ring mail (worn)
Jewellery
 o - an uncursed amulet of faith
 E - a +5 ring of dexterity
Wands
 H - a wand of scattershot (3)
Scrolls
 j - a scroll of teleportation {unknown}
 k - a scroll of magic mapping {unknown}
 q - 3 scrolls of random uselessness {unknown}
 A - a scroll of enchant weapon {unknown}
 D - a scroll of enchant armour {unknown}
 F - a scroll of remove curse {unknown}
Potions
 g - 2 potions of curing
 G - 2 potions of berserk rage {unknown}
Comestibles
 d - 3 rations


   Skills:
 + Level 4.6 Fighting
 + Level 1.1 Short Blades
 + Level 4.6 Long Blades
 + Level 1.1 Axes
 + Level 1.1 Maces & Flails
 + Level 1.1 Polearms
 + Level 1.1 Staves
 + Level 1.1 Slings
 + Level 1.1 Bows
 + Level 1.1 Crossbows
 + Level 1.1 Throwing
 + Level 2.7 Armour
 + Level 4.6 Dodging
 + Level 1.1 Stealth
 + Level 1.1 Shields
 + Level 1.1 Unarmed Combat
 + Level 5.0 Spellcasting
 + Level 0.8 Conjurations
 + Level 0.8 Hexes
 + Level 5.4 Charms
 + Level 0.8 Summonings
 + Level 0.8 Necromancy
 + Level 0.8 Translocations
 + Level 0.8 Transmutations
 + Level 0.8 Fire Magic
 + Level 0.8 Ice Magic
 + Level 0.8 Air Magic
 + Level 0.8 Earth Magic
 + Level 0.8 Poison Magic
 + Level 1.2 Invocations
 + Level 1.1 Evocations


You had 9 spell levels left.
You knew the following spells:

 Your Spells              Type           Power        Failure   Level  Hunger
a - Infusion              Chrm           ###.         3%          1    None
b - Spectral Weapon       Hex/Chrm       ##......     26%         3    ###....

Your spell library contained the following spells:

 Spells                   Type           Power        Failure   Level  Hunger
 Song of Slaying          Chrm           ###.....     4%          2    #......
 Shroud of Golubria       Chrm/Tloc      ##........   13%         2    #......
 Regeneration             Chrm/Necr      ##........   26%         3    ###....


Dungeon Overview and Level Annotations

Branches:
Dungeon (3/15)

Altars:
Makhleb


Innate Abilities, Weirdness & Mutations

Your experience applies equally to all skills.
You have very sharp teeth.
Your uncanny sense of smell can sniff out nearby items.


Message History

The gnoll hits you from afar with a spear.
The gnoll hits you. The gnoll misses you.
You riposte.
You hit the gnoll but do no damage. You hit the gnoll.
The gnoll is heavily wounded.
The gnoll hits you from afar with a halberd.
The gnoll hits you from afar with a spear.
The gnoll hits you with a whip. The gnoll barely misses you.
You hit the gnoll but do no damage.
The gnoll is heavily wounded.
The gnoll misses you. The gnoll hits you with a whip. The gnoll hits you.
* * * LOW HITPOINT WARNING * * *
The gnoll barely misses you.
You hit the gnoll.
The gnoll is almost dead.
The gnoll barely misses you. The gnoll hits you with a whip.
* * * LOW HITPOINT WARNING * * *
The gnoll hits you but does no damage.
The gnoll hits you from afar with a halberd!
You die...

## # #.#.#
####g...#
+..@.g..#
∆
∆####gg..#
#...# ∆
#.## .# #


You could see 4 gnolls.

Vanquished Creatures
  A gnoll (D:1)
  2 adders (D:2)
  3 oozes
  A dart slug (D:2)
  A leopard gecko (D:1)
  A giant cockroach (D:1)
  2 goblins (D:1)
  6 hobgoblins
  3 jackals (D:1)
  3 kobolds (D:1)
  5 bats
  3 frilled lizards
  2 rats
33 creatures vanquished.

Notes
Turn   | Place    | Note
-------+----------+-------------------------------------------
     0 | D:1      | Leeroy the Gnoll Skald began the quest for the Orb.
     0 | D:1      | Reached XP level 1. HP: 20/20 MP: 6/6
    44 | D:1      | Reached XP level 2. HP: 13/26 MP: 7/7
   519 | D:1      | Reached XP level 3. HP: 26/31 MP: 9/9
   570 | D:1      | Reached skill level 5 in Spellcasting
   582 | D:1      | Learned a level 3 spell: Spectral Weapon
   864 | D:1      | Reached skill level 1 in Invocations
  1113 | D:2      | Reached skill level 1 in Short Blades
  1113 | D:2      | Reached skill level 1 in Axes
  1113 | D:2      | Reached skill level 1 in Maces & Flails
  1113 | D:2      | Reached skill level 1 in Polearms
  1113 | D:2      | Reached skill level 1 in Staves
  1113 | D:2      | Reached skill level 1 in Slings
  1113 | D:2      | Reached skill level 1 in Bows
  1113 | D:2      | Reached skill level 1 in Crossbows
  1113 | D:2      | Reached skill level 1 in Throwing
  1113 | D:2      | Reached skill level 1 in Stealth
  1113 | D:2      | Reached skill level 1 in Shields
  1113 | D:2      | Reached skill level 1 in Unarmed Combat
  1113 | D:2      | Reached skill level 1 in Evocations
  1222 | D:2      | Found a burning altar of Makhleb.
  1257 | D:2      | Reached XP level 4. HP: 36/38 MP: 11/11
  1723 | D:3      | Slain by a gnoll

Skill      XL: |  1  2  3 |
---------------+----------+-----
Spellcasting   | 5 |  5.0
Invocations    | 1 |  1.2
Short Blades   | 1 |  1.1
Axes           | 1 |  1.1
Maces & Flails | 1 |  1.1
Polearms       | 1 |  1.1
Staves         | 1 |  1.1
Slings         | 1 |  1.1
Bows           | 1 |  1.1
Crossbows      | 1 |  1.1
Throwing       | 1 |  1.1
Stealth        | 1 |  1.1
Shields        | 1 |  1.1
Unarmed Combat | 1 |  1.1
Evocations     | 1 |  1.1
Fighting       | |  4.6
Long Blades    | |  4.6
Armour         | |  2.7
Dodging        | |  4.6
Conjurations   | |  0.8
Hexes          | |  0.8
Charms         | |  5.4
Summonings     | |  0.8
Necromancy     | |  0.8
Translocations | |  0.8
Transmutations | |  0.8
Fire Magic     | |  0.8
Ice Magic      | |  0.8
Air Magic      | |  0.8
Earth Magic    | |  0.8
Poison Magic   | |  0.8

Action                   |  1- 3 |  4- 6 || total
-------------------------+-------+-------++-------
Melee: Falchion          |    63 |    27 ||    90
       Bite              |     6 |     5 ||    11
Throw: Stone             |       |     4 ||     4
 Cast: Infusion          |     3 |       ||     3
       Spectral Weapon   |     3 |       ||     3
  Use: Scroll            |     3 |       ||     3
  Eat: Chunk             |     1 |     1 ||     2
Armor: Leather armour    |    14 |     1 ||    15
       Ring mail         |       |     3 ||     3
Dodge: Dodged            |    56 |    18 ||    74
       Rpst.: Falchion   |    21 |     5 ||    26
